[Event "Titled Tuesday Blitz January 03 Late 2023"]
[White "Baskin, Robert"]
[Black "Sos Andreu, Eric"]
[WhiteFideId "24662402"]
[BlackFideId "22247017"]
[WhiteElo "2442"]
[BlackElo "2352"]
[Result "1-0"]
[Round "06"]
[TimeControl "180+2"]
[Date "2023.01.03"]
[WhiteClock "0:00:11"]
[BlackClock "0:00:05"]

1. c4 c6 2. Nf3 d5 3. d4 Nf6 4. Nc3 a6 5. g3 Bf5 6. Qb3 Ra7 7. Bf4 e6 8. Nh4 Bg6 9. c5 Nbd7 10. Bg2 Be7 11. O-O O-O 12. Nxg6 hxg6 13. Qd1 Ra8 14. b4 b5 15. a4 Qc8 16. Qb3 Qb7 17. Ra2 Ra7 18. Rfa1 Rfa8 19. e3 Nh5 20. Bf3 Nxf4 21. gxf4 g5 22. fxg5 Bxg5 23. Qa3 bxa4 24. Qxa4 Bf6 25. Be2 a5 26. b5 Nxc5 27. bxc6 Qc7 28. dxc5 Bxc3 29. Rb1 Bb4 30. Rc2 g6 31. Qb5 Qe5 32. Qb6 Kg7 33. Rb3 Rh8 34. f4 Qa1+ 35. Kg2 Raa8 36. c7 Qe1 37. h3 Qh4 38. Bg4 f5 39. Qxe6 fxg4 40. Qd7+ Kh6 41. hxg4 Rae8 42. e4 Re7 43. Rh3 Rxd7 44. Rxh4+ Kg7 45. Rxh8 Rxc7 46. Re8 dxe4 47. Rxe4 Rxc5 48. Rxc5 Bxc5 49. Rc4 Bb4 50. Kf3 Kf6 51. Ke4 Ke6 52. Rc6+ Kf7 53. g5 Bd2 54. Ra6 Bc3 55. f5 gxf5+ 56. Kxf5 Kg7 57. Ra7+ Kg8 58. Kg6 Kf8 59. Kh7 Bd4 60. Ra8+ Kf7 61. Rxa5 Kf8 62. g6 Ke7 63. g7 1-0


[Site "https://www.chess.com"]

[Event "Titled Tuesday Blitz January 03 Late 2023"]
[White "Di Berardino, Diego Rafael"]
[Black "Ortega Ruiz, Jose Miguel"]
[WhiteFideId "2105446"]
[BlackFideId "2209713"]
[WhiteElo "2479"]
[BlackElo "2351"]
[Result "1-0"]
[Round "06"]
[TimeControl "180+2"]
[Date "2023.01.03"]
[WhiteClock "0:00:05"]
[BlackClock "0:00:13"]

1. e4 c5 2. Nf3 Nc6 3. d4 cxd4 4. Nxd4 Nf6 5. Nc3 e5 6. Ndb5 d6 7. Bg5 a6 8. Na3 b5 9. Bxf6 gxf6 10. Nd5 f5 11. c3 Bg7 12. exf5 Bxf5 13. Nc2 O-O 14. Nce3 Be6 15. Bd3 f5 16. O-O e4 17. Nf4 Bf7 18. Bc2 Qg5 19. Qxd6 Rac8 20. Nh3 Qg6 21. Rfd1 Bf6 22. Nd5 Bd8 23. Qg3 Kh8 24. Nhf4 Qh6 25. Qh3 Bg5 26. Qxh6 Bxh6 27. g3 Ne5 28. Kg2 Rfd8 29. Ne7 Rb8 30. Nxf5 Bxf4 31. gxf4 Nc4 32. Bxe4 Nxb2 33. Rxd8+ Rxd8 34. Ne3 Rd2 35. a3 Na4 36. Rd1 Ra2 37. Rd7 Nc5 38. Rxf7 Nxe4 39. Nf5 h5 40. Re7 Nxf2 41. Kf3 Nd3 42. Nd4 Rxa3 43. Ke4 Nc5+ 44. Kf5 Rxc3 45. Kg6 Ne6 46. Re8+ Nf8+ 47. Rxf8# 1-0


[Site "https://www.chess.com"]

[Event "Titled Tuesday Blitz January 03 Late 2023"]
[White "Kalajzic, Ivan"]
[Black "Goroshkov, Maksym"]
[WhiteFideId "14506378"]
[BlackFideId "14142716"]
[WhiteElo "2062"]
[BlackElo "2287"]
[Result "1/2-1/2"]
[Round "06"]
[TimeControl "180+2"]
[Date "2023.01.03"]
[WhiteClock "0:00:07"]
[BlackClock "0:00:11"]

1. b3 Nf6 2. Bb2 g6 3. Bxf6 exf6 4. c4 Bg7 5. Nc3 f5 6. g3 O-O 7. Bg2 c5 8. e3 Nc6 9. Nge2 b6 10. O-O Bb7 11. a3 Rb8 12. Rb1 Ne5 13. Nd5 Bxd5 14. Bxd5 d6 15. d4 Ng4 16. b4 Qe7 17. Qd3 Rfe8 18. Bc6 Rec8 19. Bd5 Nf6 20. Bf3 Ne4 21. Nf4 Nf6 22. Nd5 Nxd5 23. Bxd5 cxd4 24. exd4 Qf6 25. Rfd1 f4 26. Qf3 fxg3 27. Qxf6 gxh2+ 28. Kxh2 Bxf6 29. Rb3 Re8 30. Rf3 Kg7 31. Rd2 Re1 32. Kg2 Rbe8 33. Rf4 R8e7 34. Rd3 Bg5 35. Rff3 f5 36. c5 dxc5 37. dxc5 bxc5 38. bxc5 Rc1 39. Rc3 Ree1 40. Rxc1 Rxc1 41. c6 h5 42. Rb3 Bf4 43. Rb7+ Kh6 44. Rxa7 Rc3 45. a4 h4 46. a5 h3+ 47. Kf1 Rc1+ 48. Ke2 h2 49. a6 h1=Q 50. Bxh1 Rxh1 51. Kf3 Be5 52. Re7 Bd4 53. a7 Bxa7 54. Rxa7 Rc1 55. Rc7 Kg5 56. Rc8 Rc3+ 57. Ke2 Kf4 58. c7 g5 59. Kd2 Rc6 60. Kd3 g4 61. Kd4 Rc1 62. Kd5 Kf3 63. Kd6 f4 64. Rf8 Rd1+ 65. Ke7 Rc1 66. Kd7 Rd1+ 67. Ke7 Rc1 68. Kd7 Kxf2 69. Rxf4+ Kg3 70. Rf6 Rxc7+ 71. Kxc7 Kh2 72. Rg6 g3 73. Rh6+ Kg1 74. Kd6 g2 75. Ke5 Kf2 76. Rf6+ Ke2 77. Rg6 Kf2 78. Kf4 g1=R 79. Rxg1 Kxg1 1/2-1/2


[Site "https://www.chess.com"]

[Event "Titled Tuesday Blitz January 03 Late 2023"]
[White "Rosenberg, Evan S"]
[Black "Aldokhin, Ivan"]
[WhiteFideId "2019299"]
[BlackFideId "24115720"]
[WhiteElo "1956"]
[BlackElo "2413"]
[Result "0-1"]
[Round "06"]
[TimeControl "180+2"]
[Date "2023.01.03"]
[WhiteClock "0:00:13"]
[BlackClock "0:00:15"]

1. d4 Nf6 2. Nf3 g6 3. Nc3 c5 4. d5 d6 5. e4 Bg7 6. Bb5+ Nbd7 7. a4 O-O 8. O-O a6 9. Be2 Re8 10. Re1 Rb8 11. a5 b5 12. axb6 Qxb6 13. Nd2 Qc7 14. Nc4 Nb6 15. h3 Nxc4 16. Bxc4 Rb4 17. Qd3 Nd7 18. Bxa6 Ne5 19. Qe2 Bxa6 20. Qxa6 Nc4 21. Ra4 Nxb2 22. Rxb4 cxb4 23. Nb5 Qxc2 24. Qc6 Rc8 25. Qxc2 Rxc2 26. Bg5 Nd3 27. Rb1 Kf8 28. Rb3 Bc3 29. Nxc3 Rxc3 30. Rb1 b3 31. Bh6+ Ke8 32. Ra1 b2 33. Ra8+ Kd7 34. Ra7+ Rc7 0-1


[Site "https://www.chess.com"]

[Event "Titled Tuesday Blitz January 03 Late 2023"]
[White "Alikhanov, Felix"]
[Black "Schmidt, Harald"]
[WhiteFideId "4157427"]
[BlackFideId "4648358"]
[WhiteElo "2434"]
[BlackElo "2347"]
[Result "1-0"]
[Round "06"]
[TimeControl "180+2"]
[Date "2023.01.03"]
[WhiteClock "0:00:13"]
[BlackClock "0:00:01"]

1. e4 d6 2. d4 g6 3. Nc3 Bg7 4. h4 h5 5. Nh3 Bxh3 6. Rxh3 Nd7 7. Be3 c5 8. Qd2 cxd4 9. Bxd4 Ngf6 10. O-O-O a6 11. Kb1 b5 12. f3 Rc8 13. Rh1 Nb6 14. g4 hxg4 15. h5 Rxh5 16. Rxh5 Nxh5 17. Bxg7 Nxg7 18. Qh6 Ne6 19. Nxb5 axb5 20. Bxb5+ Nd7 21. e5 Qb6 22. Qh8+ Nf8 23. Bxd7+ Kxd7 24. exd6 exd6 25. Qf6 Ke8 26. fxg4 Qc5 27. c3 Ne6 28. Rf1 Rc7 29. Qh8+ Nf8 30. Re1+ Re7 31. Rd1 Qe5 32. Qh3 Ne6 33. Qf3 Nc5 34. Qa8+ Kd7 35. Qa7+ Ke6 36. Qb8 Qe4+ 37. Ka1 Qe5 38. Qb6 Rb7 39. Qd8 Nb3+ 40. axb3 1-0


[Site "https://www.chess.com"]

[Event "Titled Tuesday Blitz January 03 Late 2023"]
[White "Sebag, Marie"]
[Black "La Villa Rivas, Marlon Javier"]
[WhiteFideId "617822"]
[BlackFideId "3519546"]
[WhiteElo "2430"]
[BlackElo "2246"]
[Result "1-0"]
[Round "06"]
[TimeControl "180+2"]
[Date "2023.01.03"]
[WhiteClock "0:00:29"]
[BlackClock "0:01:22"]

1. e4 c5 2. Nf3 d6 3. d4 cxd4 4. Nxd4 Nf6 5. Nc3 Nc6 6. Bg5 e6 7. Qd2 Bd7 8. O-O-O a6 9. Kb1 Be7 10. f3 b5 11. Nxc6 Bxc6 12. Bd3 Rc8 13. h4 Qb6 14. Ne2 d5 15. e5 Nd7 16. Bxe7 Kxe7 17. Qg5+ Kf8 18. f4 h6 19. Qg3 b4 20. f5 Bb5 21. fxe6 Bxd3 22. Rxd3 Qxe6 23. Re3 d4 24. Nxd4 Qc4 25. Rd1 Nc5 26. b3 Qd5 27. e6 Ne4 28. Qf3 Nf6 29. e7+ Ke8 30. Nf5 Qxf3 31. Nxg7# 1-0


[Site "https://www.chess.com"]

[Event "Titled Tuesday Blitz January 03 Late 2023"]
[White "Graham, Nathaniel"]
[Black "Ballester Llagaria, Luis Eduardo"]
[WhiteFideId "2007983"]
[BlackFideId "2297620"]
[WhiteElo "2262"]
[BlackElo "2298"]
[Result "0-1"]
[Round "06"]
[TimeControl "180+2"]
[Date "2023.01.03"]
[WhiteClock "0:00:02"]
[BlackClock "0:00:45"]

1. e4 c5 2. Nf3 e6 3. d4 cxd4 4. Nxd4 Nc6 5. Nc3 Qc7 6. Be2 a6 7. O-O Nf6 8. Be3 Bb4 9. Nxc6 bxc6 10. Na4 Be7 11. Nb6 Rb8 12. Nxc8 Qxc8 13. e5 Nd5 14. Bc1 Bc5 15. c4 Ne7 16. b3 Qc7 17. Bb2 d6 18. exd6 Bxd6 19. Bxg7 Rg8 20. Bf6 Bxh2+ 21. Kh1 Rd8 22. Qc2 Qf4 23. Qc3 Rg6 24. Bxe7 Rh6 25. g3 Bxg3+ 26. Kg2 Rh2+ 27. Kg1 Bxf2+ 28. Rxf2 Qxf2# 0-1


[Site "https://www.chess.com"]

[Event "Titled Tuesday Blitz January 03 Late 2023"]
[White "Pakleza, Zbigniew"]
[Black "Gurevich, Dmitry"]
[WhiteFideId "1119290"]
[BlackFideId "2000407"]
[WhiteElo "2494"]
[BlackElo "2393"]
[Result "1-0"]
[Round "06"]
[TimeControl "180+2"]
[Date "2023.01.03"]
[WhiteClock "0:00:03"]
[BlackClock "0:00:01"]

1. d4 d5 2. Bf4 Nf6 3. e3 c5 4. c3 Nc6 5. Nd2 Bf5 6. Ngf3 e6 7. Bb5 Bd6 8. Bxc6+ bxc6 9. Qa4 O-O 10. Qxc6 Bxf4 11. exf4 Qb8 12. Qxc5 Qxb2 13. O-O Rfc8 14. Qb4 Qxc3 15. Qxc3 Rxc3 16. Rfc1 Rac8 17. Nb3 Ne4 18. Rxc3 Nxc3 19. Kf1 Bc2 20. Ke1 Nxa2 21. Rxa2 Bxb3 22. Rxa7 f6 23. Kd2 Rc2+ 24. Ke3 Bc4 25. f5 exf5 26. h4 h5 27. g3 Kh7 28. Nd2 Rc3+ 29. Kf4 Rd3 30. Nf3 Kg6 31. Rc7 Ra3 32. Rc6 Ra2 33. Ne5+ Kh6 34. Nxc4 dxc4 35. Ke3 Ra3+ 36. Ke2 c3 37. Ke3 c2+ 38. Ke2 Ra2 39. Kd3 c1=Q 40. Rxc1 Rxf2 41. d5 Kg6 42. Rc7 Rf3+ 43. Kc4 Rxg3 44. d6 Rg1 45. Rc5 1-0


[Site "https://www.chess.com"]

[Event "Titled Tuesday Blitz January 03 Late 2023"]
[White "Winterberg, Lukas"]
[Black "Kosteniuk, Alexandra"]
[WhiteFideId "24622702"]
[BlackFideId "4128125"]
[WhiteElo "2402"]
[BlackElo "2535"]
[Result "0-1"]
[Round "06"]
[TimeControl "180+2"]
[Date "2023.01.03"]
[WhiteClock "0:00:05"]
[BlackClock "0:00:17"]

1. d4 f5 2. Nf3 Nf6 3. g3 g6 4. Bg2 Bg7 5. O-O O-O 6. Nbd2 d5 7. c4 e6 8. Qc2 Ne4 9. e3 Nc6 10. a3 a5 11. b3 Ne7 12. Ne1 c6 13. Nd3 b6 14. Bb2 Ba6 15. Rfc1 Rc8 16. Nf4 Qd7 17. Nxe4 fxe4 18. Bh3 Nf5 19. Qd2 a4 20. cxd5 exd5 21. Qb4 axb3 22. Qxb6 Bc4 23. Qc5 Rb8 24. a4 Rf7 25. Qa5 Bf8 26. Qe1 Bb4 27. Qd1 Bd6 28. a5 Ra8 29. Qd2 Qe7 30. Bc3 Ng7 31. Ra4 g5 32. Ne2 Bb5 33. Raa1 h5 34. Rab1 Bc4 35. Bb2 Qf6 36. Rf1 g4 37. Bg2 Ne6 38. Nf4 Nxf4 39. exf4 Bxf1 40. Bxf1 Rfa7 41. Rc1 Bf8 42. Qc3 Rxa5 43. Qxb3 Qd6 44. Qc3 Ra2 45. h3 Rb8 46. Ba1 Rb6 47. hxg4 hxg4 48. Rc2 Rxc2 49. Qxc2 Qa3 50. Bc3 Qb3 51. Qd2 Bb4 52. Bxb4 Rxb4 53. Be2 Qb1+ 54. Kg2 Qb2 55. Qxb2 Rxb2 56. Bxg4 Rd2 57. Bd7 Rxd4 58. Bxc6 Rd2 59. g4 e3 60. f5 e2 0-1


[Site "https://www.chess.com"]

[Event "Titled Tuesday Blitz January 03 Late 2023"]
[White "Dimitrov, Atanas"]
[Black "Senthil, Maran K"]
[WhiteFideId "2901315"]
[BlackFideId "25035681"]
[WhiteElo "2269"]
[BlackElo "2209"]
[Result "1-0"]
[Round "06"]
[TimeControl "180+2"]
[Date "2023.01.03"]
[WhiteClock "0:00:06"]
[BlackClock "0:00:02"]

1. Nf3 c5 2. c4 g6 3. Nc3 Nc6 4. e3 Nf6 5. b3 Bg7 6. Bb2 O-O 7. Be2 d5 8. cxd5 Nxd5 9. Rc1 Ndb4 10. O-O Bf5 11. Ne1 Nd3 12. Nxd3 Bxd3 13. Bxd3 Qxd3 14. Na4 b6 15. Bxg7 Kxg7 16. Nb2 Qd5 17. Qe2 Rfd8 18. Rfd1 Rac8 19. Rc3 e5 20. a3 e4 21. h3 Ne5 22. Qa6 Rc7 23. a4 Nc6 24. Qb5 Rcd7 25. d3 exd3 26. Rcxd3 Qe6 27. Rxd7 Rxd7 28. Rxd7 Qxd7 29. a5 Qc7 30. axb6 Qxb6 31. Qc4 Qb4 32. Qc2 Na5 33. Nd3 Qxb3 34. Qxc5 Qxd3 35. Qe5+ Kg8 36. Qxa5 a6 37. h4 h5 38. g3 Qd1+ 39. Kh2 Qe2 40. Kg2 Qb5 41. Qd8+ Kg7 42. Qd4+ Kf8 43. e4 Ke7 44. Qa7+ Ke6 45. Qa8 a5 46. Qc8+ Kd6 47. Qf8+ Ke6 48. Qc8+ Kf6 49. Qc3+ Qe5 50. Qc6+ Kg7 51. f4 Qb2+ 52. Kh3 Qb4 53. e5 Qb3 54. Qf6+ Kg8 55. Qd8+ Kh7 56. Qxa5 Qf3 57. Qe1 1-0


[Site "https://www.chess.com"]

[Event "Titled Tuesday Blitz January 03 Late 2023"]
[White "Goncalves, Davi Sulzbacher"]
[Black "Leiva, Gianmarco"]
[WhiteFideId "2154510"]
[BlackFideId "3804399"]
[WhiteElo "2282"]
[BlackElo "2392"]
[Result "0-1"]
[Round "06"]
[TimeControl "180+2"]
[Date "2023.01.03"]
[WhiteClock "0:00:15"]
[BlackClock "0:00:18"]

1. Nf3 d5 2. d4 Nf6 3. c4 e6 4. Nc3 Be7 5. Bg5 Nbd7 6. e3 O-O 7. Rc1 b6 8. cxd5 exd5 9. Bd3 Bb7 10. O-O c5 11. Ne5 h6 12. Bf4 Rc8 13. Bf5 Ra8 14. Nxd7 Nxd7 15. Bxh6 gxh6 16. Qg4+ Kh8 17. Bxd7 Rg8 18. Qh3 Rg6 19. Bf5 Rf6 20. Ne2 Ba6 21. Rfe1 Bd6 22. dxc5 bxc5 23. Ng3 Be5 24. Rxc5 Bxb2 25. Nh5 Rb6 26. Nf4 Bc4 27. Rd1 Rd6 28. g4 Ba3 29. Ne6 Qf6 30. g5 Rg8 31. Kh1 Rxg5 32. Nxg5 Bxc5 33. Qxh6+ Qxh6 34. Nxf7+ Kg7 35. Nxh6 Rxh6 36. Bd3 Bxd3 37. Rxd3 Rh5 38. Kg2 Kf6 39. h3 Ke6 40. Kf3 Bb6 41. e4 dxe4+ 42. Kxe4 Rh4+ 43. Kf3 Rxh3+ 44. Ke2 Rxd3 45. Kxd3 Bxf2 46. Kc4 Bb6 47. Kb5 Kd7 48. a4 Kc7 49. a5 Bg1 50. Ka6 Kb8 51. Kb5 Kb7 52. Kb4 Ka6 53. Ka4 Bf2 54. Kb4 Be1+ 55. Ka4 Bxa5 56. Kb3 Kb5 57. Ka3 Bb4+ 58. Kb3 a5 59. Kb2 a4 60. Ka2 Kc4 61. Kb2 a3+ 62. Ka2 Kc3 63. Kb1 Kb3 64. Ka1 Bc3+ 65. Kb1 a2+ 66. Kc1 a1=Q# 0-1


[Site "https://www.chess.com"]

[Event "Titled Tuesday Blitz January 03 Late 2023"]
[White "Espinosa, Pedro"]
[Black "Karas, Marek"]
[WhiteFideId "30921066"]
[BlackFideId "14928558"]
[WhiteElo "2229"]
[BlackElo "2227"]
[Result "1/2-1/2"]
[Round "06"]
[TimeControl "180+2"]
[Date "2023.01.03"]
[WhiteClock "0:00:05"]
[BlackClock "0:00:21"]

1. d4 Nf6 2. c4 c5 3. d5 b5 4. cxb5 a6 5. bxa6 e6 6. Nc3 exd5 7. Nxd5 Nxd5 8. Qxd5 Nc6 9. e3 Bxa6 10. Bxa6 Qa5+ 11. Bd2 Qxa6 12. Nf3 Be7 13. Bc3 O-O 14. a3 Nb4 15. Bxb4 cxb4 16. a4 Bf6 17. Nd4 Qd3 18. Rd1 Qg6 19. O-O Rxa4 20. Qxd7 Raa8 21. Qb5 Rab8 22. Qd3 Qh5 23. b3 Rfd8 24. Qc4 Rdc8 25. Qa6 h6 26. h3 Ra8 27. Qb5 Qxb5 28. Nxb5 Rab8 29. Nd4 Rc3 30. Rb1 Bxd4 31. exd4 Ra8 32. d5 Ra3 33. d6 Kf8 34. Rfe1 Rd3 35. Re4 Rxd6 36. Rxb4 g6 37. Re1 Ra2 38. Rf4 Rd7 39. Rf3 Rb2 40. Ree3 Rd1+ 41. Kh2 Rdd2 42. Kg3 Rd5 43. Kh2 Rb5 44. g3 h5 45. h4 Rb7 46. Kg2 Rb5 47. Rc3 Rb7 48. Rfd3 Kg7 49. Re3 Rb1 50. Rf3 Rb2 51. Rfe3 Rb1 52. Kf3 Rb2 53. Red3 Rb5 54. Kg2 Rb7 55. Re3 1/2-1/2


[Site "https://www.chess.com"]

[Event "Titled Tuesday Blitz January 03 Late 2023"]
[White "Levitskiy, Andrey"]
[Black "Fishbein, Mitch"]
[WhiteFideId "14132885"]
[BlackFideId "30922917"]
[WhiteElo "2304"]
[BlackElo "2120"]
[Result "1/2-1/2"]
[Round "06"]
[TimeControl "180+2"]
[Date "2023.01.03"]
[WhiteClock "0:00:27"]
[BlackClock "0:00:19"]

1. e4 c5 2. Nf3 e6 3. d4 cxd4 4. Nxd4 Nc6 5. Nc3 Qc7 6. g3 a6 7. Bg2 Nf6 8. O-O Nxd4 9. Qxd4 Bc5 10. Bf4 d6 11. Qd2 h6 12. Rad1 e5 13. Be3 Bxe3 14. fxe3 Be6 15. Qxd6 Rc8 16. Qxc7 Rxc7 17. Rd2 Ke7 18. Nd5+ Bxd5 19. exd5 Ne8 20. b3 b5 21. a4 b4 22. Be4 Nd6 23. Bd3 a5 24. e4 f6 25. g4 Rc3 26. Rg2 Nb7 27. h4 Nc5 28. Rf3 Rc8 29. g5 hxg5 30. hxg5 Nxd3 31. gxf6+ gxf6 32. Rxd3 Rxd3 33. cxd3 Kf7 34. d4 exd4 35. Rd2 Rc3 36. Rxd4 Rxb3 37. d6 Ke8 38. Rd5 Kd7 39. Rxa5 Kxd6 40. Rf5 Ke6 41. Rb5 Rb2 42. a5 b3 43. a6 Ra2 44. Rxb3 Rxa6 45. Kf2 Ra5 46. Ke3 Ke5 47. Rd3 f5 48. exf5 Kxf5 49. Kf3 Rb5 1/2-1/2


[Site "https://www.chess.com"]

[Event "Titled Tuesday Blitz January 03 Late 2023"]
[White "Adewumi, Tanitoluwa"]
[Black "Rosen, Eric"]
[WhiteFideId "30966396"]
[BlackFideId "2032562"]
[WhiteElo "2283"]
[BlackElo "2349"]
[Result "1-0"]
[Round "06"]
[TimeControl "180+2"]
[Date "2023.01.03"]
[WhiteClock "0:00:12"]
[BlackClock "0:00:01"]

1. e4 c5 2. Nf3 e6 3. g3 Nc6 4. Bg2 Nf6 5. d3 d5 6. Qe2 Be7 7. O-O O-O 8. e5 Nd7 9. c4 Re8 10. h4 Bf8 11. Nc3 d4 12. Ne4 Ndxe5 13. Nxe5 Nxe5 14. Nxc5 Bxc5 15. Qxe5 Qd6 16. Bf4 Qxe5 17. Bxe5 f6 18. b4 Bxb4 19. Bxd4 Rd8 20. Be3 Rxd3 21. Rfd1 Rxd1+ 22. Rxd1 Be7 23. a4 Kf7 24. a5 a6 25. Rb1 Bd8 26. Bf4 e5 27. Bxb7 Bxb7 28. Rxb7+ Kg6 29. Bd2 Rc8 30. h5+ Kf5 31. Rxg7 Rxc4 32. Rxh7 Rc2 33. Rd7 Bc7 34. h6 Kg6 35. h7 Rxd2 36. Rxd2 Bxa5 37. Rd7 Kf5 38. h8=Q Ke6 39. Qe8+ Kf5 40. Rf7 Bc3 41. g4+ Ke4 42. Rxf6 Bd4 43. Qc6+ Kd3 44. Rf3+ Kd2 45. Qc4 e4 46. Rf4 Bc3 47. Rxe4 a5 48. Re2+ Kd1 49. Qd3+ Bd2 50. Qc2+ Kxc2 51. g5 1-0


[Site "https://www.chess.com"]

[Event "Titled Tuesday Blitz January 03 Late 2023"]
[White "Sargsyan, Anna M."]
[Black "Karthik, Advaith"]
[WhiteFideId "13308130"]
[BlackFideId "30946050"]
[WhiteElo "2375"]
[BlackElo "2075"]
[Result "1-0"]
[Round "06"]
[TimeControl "180+2"]
[Date "2023.01.03"]
[WhiteClock "0:00:15"]
[BlackClock "0:00:03"]

1. d4 Nf6 2. c4 e6 3. Nf3 b6 4. g3 Bb7 5. Bg2 Be7 6. O-O O-O 7. d5 Na6 8. Nc3 Bb4 9. Bd2 exd5 10. Nh4 Nc5 11. cxd5 Bxc3 12. Bxc3 Nce4 13. Qd3 Re8 14. Rac1 Rb8 15. Bd4 d6 16. b4 g6 17. f3 Ng5 18. e4 h5 19. Qc3 Ngh7 20. Qxc7 Qxc7 21. Rxc7 Rec8 22. Rfc1 Ne8 23. Rxc8 Rxc8 24. Rxc8 Bxc8 25. Bf1 Bd7 26. Kf2 Nef6 27. Ng2 Kf8 28. Ne3 Ke7 29. Ba6 Ba4 30. Ke2 Nf8 31. Kd2 N6d7 32. Bf1 Ne5 33. Be2 Nfd7 34. f4 Ng4 35. Nxg4 hxg4 36. Bxg4 Nf6 37. Bxf6+ Kxf6 38. a3 Bb5 39. Ke3 a5 40. bxa5 bxa5 41. Kd4 Ke7 42. e5 Bf1 43. Bf3 Ba6 44. Be4 Bb7 45. Bd3 Bc8 46. Bb5 Bf5 47. Bc6 Bc2 48. Kc4 Bd1 49. Kb5 a4 50. Kb4 Bb3 51. Ka5 dxe5 52. fxe5 f6 53. d6+ Ke6 54. d7 Ke7 55. exf6+ Kd8 56. Bxa4 Be6 57. Kb6 Bxd7 58. Bxd7 1-0


[Site "https://www.chess.com"]

[Event "Titled Tuesday Blitz January 03 Late 2023"]
[White "Ansh M Shah"]
[Black "Fiorito, Francisco"]
[WhiteFideId "25033379"]
[BlackFideId "180165"]
[WhiteElo "2171"]
[BlackElo "2305"]
[Result "1-0"]
[Round "06"]
[TimeControl "180+2"]
[Date "2023.01.03"]
[WhiteClock "0:00:23"]
[BlackClock "0:01:32"]

1. d4 Nf6 2. c4 b6 3. g3 Bb7 4. Nf3 g6 5. Bg2 Bg7 6. O-O O-O 7. Nc3 Ne4 8. Nxe4 Bxe4 9. d5 Na6 10. Nd4 Bxg2 11. Kxg2 e6 12. h4 exd5 13. cxd5 Qe7 14. Nf3 Rfe8 15. Re1 Nc5 16. Bg5 Qe4 17. Rb1 h6 18. Be3 d6 19. b4 Nd7 20. Qc1 Rac8 21. Bxh6 Bxh6 22. Qxh6 Nf6 23. Kg1 Qxd5 24. Qg5 Qxg5 25. Nxg5 c5 26. e3 Nd5 27. a3 Red8 28. Ne4 f5 29. Ng5 Nc3 30. Rbc1 Nb5 31. a4 Nc7 32. bxc5 dxc5 33. Red1 Kg7 34. a5 Kf6 35. axb6 axb6 36. Kf1 Na6 37. Ke2 Nb4 38. Ra1 Rxd1 39. Rxd1 Rc6 40. Rd7 c4 41. f4 Re6 42. Rf7# 1-0


[Site "https://www.chess.com"]

[Event "Titled Tuesday Blitz January 03 Late 2023"]
[White "Denishev, Marat"]
[Black "Graif, William"]
[WhiteFideId "24131563"]
[BlackFideId "2609835"]
[WhiteElo "2255"]
[BlackElo "2304"]
[Result "0-1"]
[Round "06"]
[TimeControl "180+2"]
[Date "2023.01.03"]
[WhiteClock "0:00:06"]
[BlackClock "0:00:08"]

1. d4 Nf6 2. c4 e5 3. dxe5 Ng4 4. e3 d6 5. exd6 Bxd6 6. h3 Qh4 7. Qe2 Nc6 8. Nf3 Qh6 9. Nc3 Be6 10. Bd2 O-O-O 11. O-O-O Rhe8 12. g3 Nge5 13. Nxe5 Nxe5 14. e4 Qg6 15. Qe3 b6 16. f4 Nxc4 17. Bxc4 Bxc4 18. e5 Bc5 19. Qe4 Qxe4 20. Nxe4 Be7 21. Bc3 Bd5 22. Rhe1 Bb7 23. Nf2 Rxd1+ 24. Rxd1 Bc5 25. Nd3 Be3+ 26. Kc2 Be4 27. Re1 Bxd3+ 28. Kxd3 Bc5 29. Ke4 Bf2 30. Re2 Bxg3 31. Rg2 Bh4 32. Rxg7 Re7 33. Rxh7 f5+ 34. Kxf5 Rxh7 35. Kg6 Rd7 36. e6 Re7 37. f5 Kd8 38. Kh5 Bg3 39. Bf6 Ke8 40. Bxe7 Kxe7 41. Kg6 Be5 42. b3 c5 43. h4 b5 44. h5 c4 45. f6+ Bxf6 46. bxc4 bxc4 47. h6 c3 48. h7 c2 0-1


[Site "https://www.chess.com"]

[Event "Titled Tuesday Blitz January 03 Late 2023"]
[White "Sreyas Payyappat"]
[Black "Martynov, Pavel"]
[WhiteFideId "46674969"]
[BlackFideId "4101260"]
[WhiteElo "2076"]
[BlackElo "2414"]
[Result "0-1"]
[Round "06"]
[TimeControl "180+2"]
[Date "2023.01.03"]
[WhiteClock "0:00:10"]
[BlackClock "0:00:05"]

1. e4 c5 2. Nf3 e6 3. d4 cxd4 4. Nxd4 Nc6 5. Nb5 d6 6. c4 a6 7. N5a3 Nf6 8. Nc3 Qc7 9. g3 b6 10. Bg2 Bb7 11. O-O h5 12. Nc2 Ne5 13. b3 h4 14. Ne3 Be7 15. f4 Ned7 16. Ba3 Rd8 17. Rc1 Nc5 18. Qc2 hxg3 19. hxg3 Nh5 20. b4 Nd7 21. Qf2 Qb8 22. Ne2 Nhf6 23. Nc3 Qa8 24. Rfe1 Nxe4 25. Nxe4 Bxe4 26. Bxe4 Qxe4 27. Ng2 Qb7 28. f5 Ne5 29. Rc3 Bf6 30. fxe6 fxe6 31. Rce3 Kf7 32. Qf4 Rh5 33. Bb2 Rf5 34. Bxe5 Rxf4 35. Bxf4 Bd4 36. Rf1 Kg8 37. Nh4 e5 38. Bg5 Bxe3+ 39. Bxe3 Rf8 40. Nf5 Rf7 41. Bg5 Qe4 42. Ne7+ Rxe7 43. Bxe7 Qxc4 44. Rf8+ Kh7 45. Rf2 Qxb4 46. Re2 a5 47. Kg2 Qd4 48. Bg5 b5 49. Rd2 Qe4+ 50. Kf2 d5 51. Bh4 d4 52. Re2 Qf5+ 53. Kg2 e4 54. Rf2 Qd5 55. Kh3 e3 56. Rh2 Qe6+ 57. Kg2 Kg8 58. Rh1 e2 59. Kf2 Qe4 60. Re1 Qe3+ 61. Kg2 d3 62. Rc1 Qxc1 0-1


[Site "https://www.chess.com"]

[Event "Titled Tuesday Blitz January 03 Late 2023"]
[White "Kaplan, Avi Harrison"]
[Black "Karttunen, Mika"]
[WhiteFideId "30934559"]
[BlackFideId "502081"]
[WhiteElo "2146"]
[BlackElo "2490"]
[Result "0-1"]
[Round "06"]
[TimeControl "180+2"]
[Date "2023.01.03"]
[WhiteClock "0:00:05"]
[BlackClock "0:00:13"]

1. d4 d5 2. c4 e6 3. Nc3 Nf6 4. cxd5 exd5 5. Bg5 Bb4 6. Nf3 h6 7. Bh4 g5 8. Bg3 Ne4 9. Nd2 Nxg3 10. hxg3 c6 11. e3 Bf5 12. Qb3 Qe7 13. Rc1 Nd7 14. a3 Bxc3 15. Qxc3 O-O-O 16. b4 Kb8 17. Nb3 h5 18. Na5 Rc8 19. Be2 h4 20. Qb2 hxg3 21. Rxh8 Rxh8 22. b5 Rh1+ 23. Kd2 Rxc1 24. Kxc1 cxb5 25. Qxb5 Nb6 26. fxg3 Qxe3+ 27. Kd1 Bd7 28. Qc5 Ba4+ 29. Ke1 Qxg3+ 30. Kd2 Qf4+ 31. Ke1 Qc7 32. Qf8+ Qc8 33. Qd6+ Ka8 34. Qb4 Bc6 35. Nb3 Na4 36. Nc5 Nxc5 37. Qxc5 a6 38. Kd2 Qe6 39. Bd3 f5 40. Qf8+ Ka7 41. Qc5+ b6 42. Qf8 Bb7 43. Bxf5 Qc6 44. Bd3 Qa4 45. Ke3 Qb3 46. Qd6 Qb2 47. Qd7 Qxg2 48. Bf5 Qg3+ 49. Kd2 Qf4+ 50. Kd3 Qf3+ 51. Kd2 Qxa3 52. Qc7 Qb4+ 53. Kd3 Qc4+ 54. Qxc4 dxc4+ 55. Kxc4 b5+ 56. Kc5 Bf3 57. d5 g4 58. d6 g3 59. d7 g2 60. d8=Q g1=Q+ 61. Kb4 Qe1+ 62. Kb3 Bd1+ 63. Bc2 Qe3+ 64. Kb2 Qe5+ 65. Kc1 Bxc2 66. Qd7+ Kb6 67. Qd8+ Qc7 68. Qd4+ Kb7 69. Qd5+ Kb8 70. Qg8+ Ka7 71. Qg1+ Kb8 72. Qg8+ Kb7 73. Qd5+ Kb6 74. Qd4+ Qc5 75. Qf6+ Ka5 76. Qd8+ Ka4 77. Qh4+ Be4+ 78. Kd2 Qd4+ 79. Ke1 Qe3+ 80. Kd1 b4 81. Qd8 Qd3+ 82. Qxd3 Bxd3 83. Kc1 Kb3 84. Kd2 Kc4 85. Kc1 Kc3 86. Kd1 b3 87. Ke1 b2 88. Kf2 b1=Q 89. Ke3 Qc1+ 90. Kf3 Qf1+ 91. Ke3 Qe2+ 92. Kf4 Qe4+ 93. Kg3 Qf5 94. Kh4 Qg6 95. Kh3 Bf5+ 96. Kh2 a5 97. Kh1 Be4+ 98. Kh2 Qg2# 0-1


[Site "https://www.chess.com"]

[Event "Titled Tuesday Blitz January 03 Late 2023"]
[White "Martinez Ramirez, Lennis"]
[Black "Stachanczyk, Jacek"]
[WhiteFideId "3509079"]
[BlackFideId "1116657"]
[WhiteElo "2426"]
[BlackElo "2147"]
[Result "0-1"]
[Round "06"]
[TimeControl "180+2"]
[Date "2023.01.03"]
[WhiteClock "0:00:15"]
[BlackClock "0:00:20"]

1. b4 e5 2. Bb2 Bxb4 3. Bxe5 Nf6 4. Bb2 d5 5. Nf3 O-O 6. e3 c5 7. c4 Re8 8. cxd5 Nxd5 9. a3 Ba5 10. Be2 Nc6 11. O-O Bc7 12. Qc2 b6 13. d4 Qe7 14. dxc5 bxc5 15. Nbd2 Rb8 16. Rae1 Bg4 17. Ba1 Bh5 18. Bd3 Bg6 19. Bxg6 hxg6 20. Nb3 Bd6 21. Rb1 Nf6 22. Nbd2 Rec8 23. Rxb8 Bxb8 24. Rb1 Be5 25. Nxe5 Nxe5 26. Nc4 Nxc4 27. Qxc4 Qe4 28. Qc1 c4 29. Bd4 c3 30. Rb3 c2 31. f3 Qd5 32. Rb2 Qc4 33. Kf2 Nd5 34. Bxa7 Qd3 35. Ra2 Qd1 36. Ra1 Nc3 37. Bd4 Qe2+ 38. Kg3 Nd5 39. a4 Ne7 40. a5 Nf5+ 41. Kh3 Qf2 42. g3 Qxf3 43. Bb2 g5 0-1


[Site "https://www.chess.com"]